 Dungeon Crawl Stone Soup version 0.28.0-53-g5a82cb258f (webtiles) character file.

Game seed: 17819330919272606408

448 Ashen the Chiller (level 6, -11/46 HPs)
             Began as a Demonspawn Ice Elementalist on Aug 13, 2022.
             Was an Initiate of Vehumet.
             Killed by divine providence
             ... invoked by an orc priest
              (13 damage)
             ... on level 4 of the Dungeon.
             The game lasted 00:10:00 (5022 turns).

Ashen the Chiller (Demonspawn Ice Elementalist)     Turns: 5022, Time: 00:10:01

Health: -11/46     AC:  7    Str:  8    XL:     6   Next: 73%
Magic:  9/11       EV: 13    Int: 18    God:    Vehumet [......]
Gold:   101        SH:  0    Dex: 14    Spells: 0/11 levels left

rFire   . . .      SeeInvis .   g - +0 rapier
rCold   . . .      Faith    +   (no shield)
rNeg    + . .      Spirit   .   a - +0 robe
rPois   .          Reflect  .   (helmet restricted)
rElec   .          Harm     .   (no cloak)
rCorr   .          Rampage  .   (no gloves)
Will    .....                   r - +0 pair of boots
Stlth   ++........              q - amulet of faith
HPRegen 0.15/turn               e - ring of positive energy
MPRegen 0.12/turn               m - +4 ring of protection

@: no status effects
A: antennae 2, weakness stinger 1
a: Renounce Religion


You were on level 4 of the Dungeon.
You worshipped Vehumet.
Vehumet was noncommittal.
You visited 1 branch of the dungeon, and saw 5 of its levels.

You collected 200 gold pieces.
You spent 99 gold pieces at shops.

Inventory:

Hand Weapons
 g - a +0 rapier (weapon)
Armour
 a - a +0 robe (worn)
 r - a +0 pair of boots (worn)
Jewellery
 e - a ring of positive energy (left hand)
 m - a +4 ring of protection (right hand)
 q - an amulet of faith (around neck)
 s - a ring of fire
Scrolls
 b - 3 scrolls of identify {unknown}
 d - 2 scrolls of enchant weapon {unknown}
 h - 2 scrolls of teleportation {unknown}
 k - a scroll of amnesia {unknown}
 l - a scroll of fog {unknown}
 n - a scroll of blinking {unknown}
 t - a scroll of magic mapping {unknown}
Potions
 c - a potion of resistance {unknown}
 f - a potion of haste {unknown}
 i - 2 potions of ambrosia
 j - 2 potions of curing {unknown}
 o - a potion of mutation {unknown}
 p - a potion of heal wounds {unknown}


   Skills:
 + Level 2.8 Fighting
 + Level 3.3 Dodging
 + Level 3.5 Stealth
 + Level 3.4 Spellcasting
 + Level 4.6 Ice Magic


You couldn't memorise any spells.
You knew the following spells:

 Your Spells              Type           Power      Damage    Failure   Level
a - Freeze                Ice            76%        1d9       2%          1
b - Frozen Ramparts       Ice            38%        1d5       7%          3
c - Ozocubu's Armour      Ice            19%        N/A       7%          3
d - Hailstorm             Conj/Ice       11%        3d5       52%         4

Your spell library contained the following spells:

 Spells                   Type           Power      Damage    Failure   Level
 Corpse Rot               Necr/Air       6%         N/A       24%         2
 Poisonous Vapours        Pois/Air       6%         N/A       24%         2
 Alistair's Intoxication  Tmut/Pois      2%         N/A       99%         5
 Borgnjor's Vile Clutch   Necr/Erth      1%         N/A       99%         5
 Eringya's Noxious Bog    Tmut/Pois      1%         N/A       100%        6


Dungeon Overview and Level Annotations

Branches:
Dungeon (5/15)
 Temple: D:4-7

Altars:
Kikubaaqudgha
Sif Muna
Vehumet
Beogh

Shops:
D:3 !

Annotations:
D:1 2 exclusions
D:4 Menkaure


Innate Abilities, Weirdness & Mutations

You have a pair of antennae on your head.
You have a small tail.


Message History

Nothing appears to happen.
The orc wizard misses you. The orc priest barely misses you.
The orc wizard points at you and mumbles some strange words.
You are confused.
In your confused state, you trip and fall back down the stairs.
The orc hits you but does no damage. The orc wizard casts a spell at you.
The puff of flame hits you!
The orc priest invokes the aid of Beogh against you.
Beogh smites you! The orc barely misses you.
The orc wizard hits you with a +0 dagger.
The orc priest begins to cast a cantrip, but forgets the words!
In your confused state, you trip and fall back down the stairs.
The orc misses you.
The orc priest hits you with a +0 hand axe.
The orc wizard hits you with a +0 dagger.
The orc hits you with a +0 mace.
* * * LOW HITPOINT WARNING * * *
The orc wizard barely misses you. The orc priest closely misses you.
In your confused state, you trip and fall back down the stairs.
* * * LOW HITPOINT WARNING * * *
The orc closely misses you.
The orc wizard points at you and mumbles some strange words.
The magic dart hits you.
* * * LOW HITPOINT WARNING * * *
The orc priest invokes the aid of Beogh against you.
Pain shoots through your body!
* * * LOW HITPOINT WARNING * * *
The orc hits you but does no damage. The orc wizard barely misses you.
The orc priest barely misses you.
You climb upwards.
Level annotation: Menkaure You feel less confused.
Your magical contamination has completely faded away.
There is a stone staircase leading down here.
The orc barely misses you.
The orc priest calls down the wrath of Beogh upon you.
Beogh smites you!
You die...

#.# #.# #.##............ #.# #.#
#.###........... #.# #.# ###.#
###.......## #.# #.# #...#
##.....##.. #.# ##.###.###
##..#.##...# ##.###...##.##
#....#...... #...>..#.....#
##...#....##. #..###...##..#
#....#....... #..#
##.###@o###...#........ ## ##..#
#.# #>o......#..#..... .# #...#
#.###.o.....#...#....# .####..##
#...........#.#.....#. .......#
#####......#..#.....#. .####..#
#......#.......... .# #..#
#...#####...##....
#####..#########.................
...##...†<..........#.##.####..#.


You could see an orc priest, an orc wizard and an orc.

Vanquished Creatures
  A black bear (D:4)
  A scorpion (D:4)
  An orc priest (D:3)
  3 orc wizards (D:4)
  Robin (D:3)
  A gnoll (D:4)
  6 adders
  3 worms
  4 dart slugs
  8 orcs
  5 endoplasms
  5 giant cockroaches
  15 goblins
  8 hobgoblins
  11 jackals
  4 kobolds
  3 quokkas
  7 ball pythons
  5 bats
  A frilled lizard (D:3)
  8 rats
101 creatures vanquished.

Notes
Turn   | Place    | Note
-------+----------+-------------------------------------------
     0 | D:1      | Ashen the Demonspawn Ice Elementalist began the quest for
                  | the Orb.
     0 | D:1      | Reached XP level 1. HP: 13/13 MP: 3/3
   281 | D:1      | Discovered your monstrous ancestry.
   281 | D:1      | Gained mutation: You have a small tail. [demonic ancestry]
   281 | D:1      | Reached XP level 2. HP: 16/20 MP: 1/5
   971 | D:1      | Reached skill level 1 in Fighting
   971 | D:1      | Gained mutation: You have a pair of small antennae on your
                  | head. [demonic ancestry]
   971 | D:1      | Reached XP level 3. HP: 18/26 MP: 0/6
  1209 | D:1      | Learned a level 3 spell: Frozen Ramparts
  1219 | D:1      | Noticed an orc warrior
  2078 | D:2      | Reached XP level 4. HP: 32/32 MP: 5/7
  2091 | D:2      | Reached skill level 4 in Ice Magic
  2976 | D:3      | Found Venwiogedd's Distillery.
  2979 | D:3      | Bought a potion of degeneration for 11 gold pieces
  2979 | D:3      | Bought a potion of ambrosia for 88 gold pieces
  3155 | D:3      | Noticed Robin
  3214 | D:3      | Killed Robin
  3215 | D:3      | Reached XP level 5. HP: 25/38 MP: 1/9
  4015 | D:4      | Learned a level 3 spell: Ozocubu's Armour
  4164 | D:4      | Found a shimmering blue altar of Sif Muna.
  4169 | D:4      | Gained mutation: You have a pair of antennae on your head.
                  | [demonic ancestry]
  4169 | D:4      | Reached XP level 6. HP: 45/45 MP: 10/10
  4176 | D:4      | Found an ancient bone altar of Kikubaaqudgha.
  4194 | D:4      | Found a radiant altar of Vehumet.
  4202 | D:4      | Became a worshipper of Vehumet
  4310 | D:4      | Learned a level 4 spell: Hailstorm
  4726 | D:4      | Noticed Menkaure
  5012 | D:5      | Entered Level 5 of the Dungeon
  5019 | D:5      | HP: 1/46 [orc priest/nerve-wracking pain (5)]
  5022 | D:4      | Killed from afar by an orc priest

Illustrated notes

Levels and vault maps discovered:
D:1:      erik_arrival_cave_to_civilisation [erik_arrival_cave_to_temple],
          layout_basic, lemuel_old_faithful
D:2:      layout_loops_ring
D:3:      layout_basic, serial_shops, nicolae_shop_behind_doors, uniq_robin
D:4:      layout_loops_ring, palyth_temple_overflow_mages,
          hangedman_decor_peaks_small, minmay_cut_off, uniq_menkaure
D:5:      minmay_razor_zed, layout_loops_corners, zin_treasury,
          dk_noncrumbling_4, kennysheep_generic_room_7

Skill      XL: |  1  2  3  4  5 |
---------------+----------------+-----
Stealth        | 2 3 |  3.5
Dodging        | 2 3 |  3.3
Fighting       | 1 2 |  2.8
Ice Magic      | 4 |  4.6
Spellcasting   | 3 |  3.4

Action                   |  1- 3 |  4- 6 || total
-------------------------+-------+-------++-------
Melee: Unarmed           |    29 |       ||    29
       Tailslap          |     8 |    13 ||    21
       Punch             |     1 |     3 ||     4
       Rapier            |    16 |   111 ||   127
 Cast: Freeze            |    47 |    66 ||   113
       Frozen Ramparts   |       |     3 ||     3
       Ozocubu's Armour  |       |     1 ||     1
 Stab: Sleeping          |     5 |    11 ||    16
       Distracted        |       |     1 ||     1
Armor: Robe              |    16 |    49 ||    65
Dodge: Dodged            |    59 |   113 ||   172
